AoeStats
← simbirbey

Arena

510390327Analyzed
4v4 RM · 9h ago on Sep 30, 2026· 63m 30s· 8 players
Game mode
Random Map
Map size
Large (8 player)
Population
200
Speed
Normal
Resources
Standard
Victory
Conquest
Starting age
Dark Age
Ending age
Imperial Age
RankedLock teamsTeams togetherTeam positionsShared explorationLock speedFull tech treeHidden civsTurbo modeCheats
Victory
Defeat
🇹🇷 Khmer · Türkiye
960
+13
🇹🇷 Franks · Türkiye
919
+14
🇺🇸 Teutons · United States
881
+16
🇹🇷 Byzantines · Türkiye
815
+18
🇹🇷 Franks · Türkiye
900
-16
🇹🇷 Franks · Türkiye
889
-16
🇮🇹 Danes · Italy
879
-15
🇨🇿 Italians · Czechia
850
-14
Charming K
10:34 Feudal Age
11:35 Double-Bit Axe
16:48 Wheelbarrow
16:07 Horse Collar
20:13 Castle Age
18:06 Man-at-Arms
19:02 Forging
19:15 Stone Mining
21:37 Long Swordsman
22:21 Arson
22:37 Squires
23:07 Gambesons
29:46 Hamask
30:56 Elite Skirmisher
32:38 Thumb Ring
35:49 Fletching
36:19 Hand Cart
36:26 Bodkin Arrow
40:40 Imperial Age
38:16 Pikeman
42:13 Iron Casting
43:39 Heavy Plow
44:07 Conscription
44:05 Loom
44:47 Bracer
46:30 Siege Engineers
46:14 Two-Handed Swordsman
49:23 Chemistry
48:16 Champion
48:24 Elite Varangian Guard
49:20 Bow Saw
49:34 Onager
51:36 Murder Holes
52:17 Onager
57:03 Town Watch
60:02 Halberdier
DENVER
0:35 Loom
12:23 Feudal Age
13:45 Wheelbarrow
12:57 Double-Bit Axe
19:33 Castle Age
18:29 Gold Mining
18:50 Stone Mining
35:48 Imperial Age
33:20 Padded Archer Armor
33:11 Fletching
33:31 Forging
33:22 Scale Mail Armor
33:27 Scale Barding Armor
34:22 Caravan
34:36 Fortified Wall
34:21 Murder Holes
35:26 Gold Shaft Mining
35:07 Bow Saw
35:14 Hand Cart
34:58 Bodkin Arrow
35:18 Leather Archer Armor
35:00 Treadmill Crane
35:31 Masonry
35:13 Guard Tower
35:28 Husbandry
35:59 Town Watch
36:31 Chain Mail Armor
37:38 Chemistry
36:22 Cavalier
36:40 Heavy Scorpion
39:04 Chain Barding Armor
39:20 Iron Casting
39:12 Paladin
42:23 Plate Mail Armor
46:30 Chivalry
46:50 Conscription
49:47 Blast Furnace
49:22 Plate Barding Armor
Tomas18078
1:16 Loom
9:55 Feudal Age
10:27 Double-Bit Axe
15:18 Castle Age
13:37 Horse Collar
14:52 Gold Mining
16:54 Heavy Plow
22:28 Wheelbarrow
22:25 Town Watch
23:36 Bow Saw
24:54 Stone Mining
24:45 Pikeman
26:01 Crossbowman
27:21 Fletching
27:57 Thumb Ring
31:25 Bodkin Arrow
35:36 Imperial Age
33:22 Hand Cart
33:11 Padded Archer Armor
33:12 Scale Mail Armor
35:42 Arbalester
36:35 Scale Barding Armor
37:44 Bracer
38:45 Coinage
39:00 Ballistics
39:49 Chemistry
40:30 Leather Archer Armor
41:29 Masonry
41:30 Fortified Wall
41:05 Treadmill Crane
41:20 Murder Holes
42:03 Conscription
43:32 Silk Road
43:50 Hoardings
43:33 Light Cavalry
44:24 Bloodlines
44:33 Bloodlines
46:02 Crop Rotation
46:35 Two-Man Saw
46:07 Architecture
46:01 Husbandry
45:22 Hussar
46:44 Chain Barding Armor
46:35 Forging
48:32 Pirotechnia
48:42 Town Patrol
55:47 Ring Archer Armor
55:54 Iron Casting
56:52 Bombard Tower
57:28 Plate Barding Armor
60:53 Caravan
60:47 Elite Genoese Crossbowman
Hüso
13:25 Feudal Age
15:23 Double-Bit Axe
18:05 Castle Age
17:10 Wheelbarrow
19:45 Bow Saw
26:32 Stone Mining
27:24 Gold Mining
29:42 Gold Shaft Mining
32:52 Imperial Age
30:49 Scale Barding Armor
30:45 Scale Mail Armor
30:47 Caravan
31:33 Hand Cart
32:29 Chain Barding Armor
32:27 Chain Mail Armor
33:17 Cavalier
34:37 Plate Barding Armor
34:08 Husbandry
35:30 Plate Mail Armor
34:47 Paladin
36:26 Conscription
36:43 Hoardings
36:23 Forging
49:39 Capped Ram
58:28 Light Cavalry
caglacula
3:05 Loom
12:43 Feudal Age
18:20 Castle Age
18:05 Double-Bit Axe
21:10 Fletching
25:16 Gold Mining
25:38 Bow Saw
27:05 Bodkin Arrow
29:14 Forging
29:52 Gold Shaft Mining
31:40 Iron Casting
32:45 Scale Mail Armor
33:07 Ballistics
34:08 Chain Mail Armor
33:37 Pikeman
34:31 Squires
35:38 Stone Mining
40:08 Husbandry
41:52 Scale Barding Armor
44:27 Imperial Age
44:50 Halberdier
49:11 Elite Throwing Axeman
50:18 Conscription
55:23 Blast Furnace
simbirbey
7:47 Loom
12:13 Feudal Age
18:34 Castle Age
17:10 Wheelbarrow
17:45 Double-Bit Axe
19:21 Double-Bit Axe
19:57 Forging
20:04 Stone Mining
22:32 Bow Saw
23:37 Stone Shaft Mining
23:55 Husbandry
25:35 Horse Collar
26:56 Hand Cart
30:03 Gold Mining
32:45 Imperial Age
29:56 Pikeman
30:39 Squires
31:17 Iron Casting
30:47 Scale Barding Armor
30:52 Scale Mail Armor
31:34 Heavy Plow
32:10 Treadmill Crane
32:51 Ballistics
33:21 Gold Shaft Mining
33:55 Conscription
33:52 Light Cavalry
35:41 Hussar
36:57 Crop Rotation
37:29 Two-Man Saw
37:53 Elite Cataphract
38:35 Greek Fire
51:58 Chain Barding Armor
51:54 Chain Mail Armor
52:43 Chemistry
51:39 Murder Holes
54:10 Man-at-Arms
56:19 Logistica
55:47 Cavalier
57:52 Bombard Tower
59:22 Paladin
dj_gore
8:54 Loom
11:00 Feudal Age
11:26 Double-Bit Axe
12:37 Horse Collar
18:20 Castle Age
17:02 Gold Mining
17:31 Scale Mail Armor
17:35 Stone Mining
20:06 Stone Shaft Mining
22:13 Heavy Plow
26:52 Chain Mail Armor
28:19 Arson
28:35 Squires
33:16 Imperial Age
30:32 Town Watch
30:43 Town Watch
31:34 Wheelbarrow
30:45 Loom
32:55 Town Patrol
33:16 Hand Cart
33:32 Elite Teutonic Knight
35:49 Conscription
35:54 Ironclad
36:21 Crop Rotation
36:04 Bow Saw
37:25 Chemistry
36:38 Fortified Wall
37:35 Ballistics
39:33 Elite Skirmisher
42:46 Pikeman
44:34 Bombard Tower
46:22 Plate Mail Armor
46:02 Forging
48:28 Crenellations
47:56 Halberdier
56:43 Iron Casting
Jeladam
11:30 Feudal Age
15:24 Castle Age
15:00 Double-Bit Axe
14:56 Horse Collar
16:53 Bow Saw
19:31 Heavy Plow
23:08 Gold Mining
23:32 Stone Mining
28:16 Imperial Age
25:35 Town Watch
26:26 Wheelbarrow
29:21 Hand Cart
28:53 Loom
31:17 Fletching
33:22 Chemistry
32:19 Bodkin Arrow
33:29 Bracer
32:51 Heavy Scorpion
33:34 Double Crossbow
34:31 Conscription
35:19 Gold Shaft Mining
35:20 Stone Shaft Mining
35:17 Crop Rotation
35:23 Heavy Scorpion
41:55 Ballistics
42:35 Chemistry
41:41 Siege Engineers
41:48 Masonry
56:22 Hoardings
Connection lost

Rejoining the realm…

Still unreachable

The connection could not be restored.

Session expired

The server has moved on; the page needs a fresh start.